 Dungeon Crawl Stone Soup version 0.23-a0-650-ga4d50d4 (webtiles) character file.

394 Amnesiac the Cutter (level 6, -2/32 HPs)
             Began as a Spriggan Berserker on Jan 3, 2019.
             Was a Priest of Trog.
             Shot with an arrow by a centaur (4 damage)
             ... on level 5 of the Dungeon.
             The game lasted 00:06:52 (4212 turns).

Amnesiac the Cutter (Spriggan Berserker)            Turns: 4212, Time: 00:06:53

Health: -2/32      AC:  3    Str: 15    XL:     6   Next: 51%
Magic:  7/7        EV: 21    Int:  9    God:    Trog [***...]
Gold:   253        SH:  0    Dex: 19    Spells: 5/5 levels left

rFire    . . .     SeeInvis +   b - +0 hunting sling
rCold    . . .     Gourm    .   (shield restricted)
rNeg     . . .     Faith    .   d - +0 animal skin
rPois    .         Spirit   .   (helmet restricted)
rElec    .         Reflect  .   t - +0 cloak
rCorr    .         Harm     .   (gloves unavailable)
MR       +....                  (boots unavailable)
Stlth    ++++......             (no amulet)
HPRegen  0.10/turn              o - +4 ring of dexterity
MPRegen  0.10/turn              (no ring)

@: very quick
A: very small, unfitting armour, see invisible, herbivore, speed 3, slow
metabolism 2
a: Berserk, Trog's Hand, Renounce Religion


You were on level 5 of the Dungeon.
You worshipped Trog.
Trog was most pleased with you.
You were full.

You visited 1 branch of the dungeon, and saw 5 of its levels.

You collected 253 gold pieces.

Inventory:

Hand Weapons
 a - a +1 dagger of speed
 b - a +0 hunting sling (weapon)
 u - a +0 short sword
 w - a +0 blowgun
Missiles
 f - 142 stones
 h - 43 sling bullets (quivered)
 r - 5 curare-tipped needles
 s - 25 poisoned needles
 v - 2 tomahawks
Armour
 d - a +0 animal skin (worn)
 t - a +0 cloak (worn)
Jewellery
 o - a +4 ring of dexterity (left hand)
Scrolls
 e - 4 scrolls of teleportation {!r}
 g - a scroll of remove curse {!r}
 i - a scroll of noise {!r, unknown}
 j - a scroll of immolation {!r, unknown}
 m - a scroll of blinking {!r, unknown}
 n - 2 scrolls of enchant weapon {!r, unknown}
 p - 3 scrolls of enchant armour {!r, unknown}
 q - a scroll of fear {!r}
Potions
 k - 2 potions of lignification {!q, unknown}
 l - 4 potions of curing {!q}
 x - a potion of cancellation {!q, unknown}
Comestibles
 c - 3 rations


   Skills:
 - Level 2.4 Fighting
 * Level 6.5 Short Blades
 + Level 0.2 Throwing
 + Level 4.7 Dodging
 + Level 6.4 Stealth


You had 5 spell levels left.
You didn't know any spells.
Your spell library was empty.

Dungeon Overview and Level Annotations

Branches:
Dungeon (5/15)
 Temple: D:4-7

Altars:
Uskayaw

Annotations:
D:5 Duvessa


Innate Abilities, Weirdness & Mutations

You are very small and have problems with some larger weapons.
You are too small for most types of armour.
You have supernaturally acute eyesight. (SInv)
You are a herbivore.
You cover ground extremely quickly.
You need to consume almost no food.


Message History

Aim: an orc, wielding a +0 short sword (severely wounded)
You shoot a sling bullet.
The sling bullet closely misses the orc.
The orc misses you.
Firing (i - inventory. (/) - cycle)
h - 20 sling bullets (quivered)
Press: ? - help, Shift-Dir - straight line, f/p - orc
Aim: an orc, wielding a +0 short sword (severely wounded)
You shoot a sling bullet. The sling bullet hits the orc.
You kill the orc!
Trog accepts your kill.
No target in view!
h - 22 sling bullets (gained 3)
Things that are here:
a +0 dagger; a +0 robe
h - 25 sling bullets (gained 3)
Things that are here:
a +0 short sword; an orc corpse
h - 26 sling bullets (gained 1)
h - 27 sling bullets (gained 1)
You see here a +0 chain mail.
h - 28 sling bullets (gained 1)
h - 29 sling bullets (gained 1)
h - 30 sling bullets (gained 1)
h - 35 sling bullets (gained 5) Key pressed, stopping explore.
h - 37 sling bullets (gained 2)
h - 38 sling bullets (gained 1)
h - 39 sling bullets (gained 1)
h - 40 sling bullets (gained 1)
Things that are here:
a +0 hand axe; an orc corpse
h - 41 sling bullets (gained 1)
h - 42 sling bullets (gained 1)
h - 44 sling bullets (gained 2)
h - 46 sling bullets (gained 2)
Things that are here:
a +0 hand axe; an orc corpse Key pressed, stopping explore.
f - 142 stones (gained 22)
A quokka comes into view.
A quokka is nearby!
A quokka is nearby!
Firing (i - inventory. (/) - cycle)
h - 46 sling bullets (quivered)
Press: ? - help, Shift-Dir - straight line, f - quokka
Aim: a quokka (resting)
You shoot a sling bullet. The sling bullet hits the quokka.
The quokka is heavily wounded.
Firing (i - inventory. (/) - cycle)
h - 45 sling bullets (quivered)
Press: ? - help, Shift-Dir - straight line, f/p - quokka
Aim: a quokka (heavily wounded)
You shoot a sling bullet.
The sling bullet barely misses the quokka.
A centaur comes into view. It is wielding a +0 long sword.
Firing (i - inventory. (/) - cycle)
h - 44 sling bullets (quivered)
Press: ? - help, Shift-Dir - straight line, f/p - quokka
Aim: a quokka (heavily wounded)
You shoot a sling bullet. The sling bullet hits the quokka!
You kill the quokka!
Trog accepts your kill.
The centaur unwields a +0 long sword.
The centaur wields a +0 shortbow.
The centaur shoots an arrow.
The arrow hits you!
* * * LOW HITPOINT WARNING * * *
The centaur shoots an arrow.
The arrow hits you.
You die...

........c ...(
.....#..# #.....
.......##.....# ###
.........(.... ..###
#............ ....#
#............ ....##
### #...........
##...##
#.###..@........
##...####.##.......####
##.....#...#.....##
###............##
###.#.......##
#..###.....# ####
###..... .#.$...
.###....


You could see a centaur.

Vanquished Creatures
  A phantom (D:4)
  A hound (D:4)
  3 orc wizards
  A worker ant (D:4)
  5 adders
  2 worms (D:3)
  A dart slug (D:1)
  2 leopard geckos
  25 orcs
  4 bats (D:1)
  3 giant cockroaches
  10 goblins
  6 hobgoblins
  11 jackals
  5 kobolds
  2 quokkas
  13 frilled lizards
  A jackal skeleton (D:4)
  A leopard gecko skeleton (D:4)
  3 rats
100 creatures vanquished.

Notes
Turn   | Place    | Note
-------+----------+-------------------------------------------
     0 | D:1      | Amnesiac the Spriggan Berserker began the quest for the
                  | Orb.
     0 | D:1      | Reached XP level 1. HP: 11/11 MP: 2/2
     2 | D:1      | Noticed a merfolk
     2 | D:1      | Noticed a ghoul
     4 | D:1      | Noticed a formicid
     4 | D:1      | Noticed an octopode
     6 | D:1      | Noticed a spriggan
     8 | D:1      | Noticed a demigod
     8 | D:1      | Noticed a human
    10 | D:1      | Noticed a naga
    10 | D:1      | Noticed a tengu
    12 | D:1      | Noticed a vampire
    14 | D:1      | Noticed a demonspawn
    16 | D:1      | Noticed a minotaur
    16 | D:1      | Noticed a halfling
    18 | D:1      | Noticed a felid
    18 | D:1      | Noticed an elf
    20 | D:1      | Noticed a gargoyle
    20 | D:1      | Noticed an ogre
    22 | D:1      | Noticed a troll
    22 | D:1      | Noticed a centaur
    24 | D:1      | Noticed a dwarf
    26 | D:1      | Noticed a vine stalker
    26 | D:1      | Noticed a draconian
   125 | D:1      | Reached skill level 1 in Stealth
   302 | D:1      | Reached XP level 2. HP: 11/16 MP: 3/3
   827 | D:1      | Reached ** piety under Trog
   879 | D:2      | Reached XP level 3. HP: 19/19 MP: 4/4
  1643 | D:2      | Reached XP level 4. HP: 23/23 MP: 5/5
  1877 | D:3      | Identified a paperback manual
  1986 | D:3      | Reached *** piety under Trog
  2542 | D:4      | Reached skill level 5 in Short Blades
  2655 | D:4      | Reached skill level 5 in Stealth
  2655 | D:4      | Reached XP level 5. HP: 14/27 MP: 6/6
  2938 | D:4      | Noticed a phantom
  2974 | D:4      | Killed a phantom
  3027 | D:4      | Reached XP level 6. HP: 31/32 MP: 7/7
  3032 | D:4      | Found a hide-covered altar of Uskayaw.
  3798 | D:5      | Entered Level 5 of the Dungeon
  3995 | D:5      | Noticed Duvessa
  4212 | D:5      | Shot with an arrow by a centaur

Vault maps used:
D:1:      kb_arrival_jail
D:2:      minmay_lizard_king
D:4:      marbit_many_paths, wad_floor_pattern_untrapped, kennysheep_boxes
D:5:      first_ration, uniq_duvessa

Skill      XL: |  1  2  3  4  5  6 |
---------------+-------------------+-----
Stealth        | 2 3 4 5 6 |  6.4
Short Blades   | 4 5 6 |  6.5
Fighting       | |  2.4
Throwing       | |  0.2
Dodging        | |  4.7

Action                   |  1- 3 |  4- 6 || total
-------------------------+-------+-------++-------
Melee: Short sword       |   153 |    26 ||   179
 Fire: Hunting sling     |       |   214 ||   214
Invok: Berserk           |       |     1 ||     1
  Use: Scroll            |     1 |     3 ||     4
 Stab: Sleeping          |     6 |     1 ||     7
  Eat: Ration            |       |     3 ||     3
Armor: Animal skin       |     6 |    11 ||    17
Dodge: Dodged            |    97 |   125 ||   222

Table legend:
 A = Non-vault XP
 B = Vault XP
 C = Vault XP percentage of total XP
 D = Non-vault monster count
 E = Vault monster count
 F = Vault count percentage of total count
                 A         B        C        D         E       F
            +---------+---------+-------+---------+---------+-------
      Total |     549 |      14 |   2.5 |      90 |      10 |  10.0
            +---------+---------+-------+---------+---------+-------
        D:1 |      38 |       0 |   0.0 |      19 |       0 |   0.0
        D:2 |      56 |      11 |  16.4 |      20 |       9 |  31.0
        D:3 |      50 |       0 |   0.0 |      17 |       0 |   0.0
        D:4 |     350 |       3 |   0.8 |      26 |       1 |   3.7
        D:5 |      55 |       0 |   0.0 |       8 |       0 |   0.0
            +---------+---------+-------+---------+---------+-------
